 Dungeon Crawl Stone Soup version 0.24.1-8-ga250c9d538 (webtiles) character file.

Game seed: 18095233794399159326, levelgen mode: deterministic

5439 Hugehornet the Martial Artist (level 10, -3/59 HPs)
             Began as an Octopode Transmuter on May 2, 2020.
             Was an Elder of Cheibriados.
             Killed from afar by an electric eel (10 damage)
             ... with a bolt of electricity
             ... on level 8 of the Dungeon.
             The game lasted 00:32:46 (9243 turns).

Hugehornet the Martial Artist (Octopode Transmuter) Turns: 9243, Time: 00:32:48

Health: -3/59      AC:  3    Str: 19    XL:     10   Next: 68%
Magic:  16/16      EV: 14    Int: 28    God:    Cheibriados [****..]
Gold:   959        SH:  0    Dex: 21    Spells: 1/17 levels left

rFire    . . .     SeeInvis .     - Unarmed
rCold    . . .     Gourm    .   (no shield)
rNeg     . . .     Faith    .   t - +2 hat
rPois    .         Spirit   .   d - amulet of regeneration
rElec    .         Reflect  .   (no ring)
rCorr    .         Harm     .   (no ring)
MR       .....                  (no ring)
Stlth    +++.......             (no ring)
HPRegen  0.59/turn              (no ring)
MPRegen  0.15/turn              (no ring)
                                (no ring)
                                (no ring)

@: very slow
A: almost no armour, stealthy swim, amphibious, 8 rings, constrict 8, camouflage
1, gelatinous body 1
a: Bend Time, Temporal Distortion, Slouch, Renounce Religion


You were on level 8 of the Dungeon.
You worshipped Cheibriados.
Cheibriados was greatly pleased with you.
You were not hungry.

You visited 2 branches of the dungeon, and saw 9 of its levels.

You collected 959 gold pieces.

Inventory:

Missiles
 p - 97 arrows
Armour
 t - a +2 hat (worn)
Jewellery
 d - an amulet of regeneration (around mantle)
Scrolls
 a - 5 scrolls of teleportation {unknown}
 b - 4 scrolls of amnesia
 e - 5 scrolls of remove curse {unknown}
 g - 2 scrolls of identify
 k - 2 scrolls of random uselessness {unknown}
 l - 3 scrolls of magic mapping {unknown}
 o - a scroll of immolation {unknown}
 q - a scroll of blinking {unknown}
 u - a scroll of vulnerability {unknown}
 v - a scroll of fog {unknown}
Potions
 f - 2 potions of lignification
 h - a potion of flight {unknown}
 i - a potion of resistance
 j - a potion of heal wounds
 m - 3 potions of curing
 n - a potion of mutation {unknown}
 s - a potion of ambrosia {unknown}
Comestibles
 c - 14 rations
 r - a chunk of flesh


   Skills:
 + Level 1.4 Fighting
 + Level 2.2 Dodging
 + Level 1.4 Stealth
 * Level 10.9 Unarmed Combat
 * Level 4.3 Spellcasting
 * Level 9.2 Transmutations
 - Level 3.0 Ice Magic
 - Level 2.0 Poison Magic
 + Level 3.9 Invocations


You had one spell level left.
You knew the following spells:

 Your Spells              Type           Power        Failure   Level  Hunger
a - Beastly Appendage     Tmut           ######       1%          1    None
b - Sticks to Snakes      Tmut           ######..     1%          2    None
c - Spider Form           Tmut/Pois      #####.....   2%          3    ##.....
d - Ice Form              Ice/Tmut       #####...     6%          4    ####...
e - Blade Hands           Tmut           ######....   4%          5    #####..
f - Confusing Touch       Hex            #.....       8%          1    None

Your spell library contained the following spells:

 Spells                   Type           Power        Failure   Level  Hunger
 Corona                   Hex            #......      8%          1    None
 Ensorcelled Hibernation  Hex/Ice        ##....       6%          2    None
 Petrify                  Tmut/Erth      ####....     11%         4    ####...
 Confuse                  Hex            #.......     22%         3    ##.....
 Dazzling Spray           Conj/Hex       #.....       22%         3    ##.....
 Gell's Gravitas          Tloc           #.........   22%         3    ##.....
 Tukima's Dance           Hex            #.......     22%         3    ##.....
 Yara's Violent Unravell  Hex/Tmut       ####......   30%         5    #####..
 Metabolic Englaciation   Hex/Ice        ##........   71%         5    #####..


Dungeon Overview and Level Annotations

Branches:
Dungeon (8/15)             Temple (1/1) D:5
   Lair: D:8-11

Altars:
Ashenzari
Cheibriados
Dithmenos
Fedhas
Gozag
Hepliaklqana
Kikubaaqudgha
Makhleb
Nemelex Xobeh
Okawaru
Qazlal
Ru
Sif Muna
Trog
Uskayaw
Vehumet
Wu Jian
Xom
Yredelemnul
Zin
The Shining One

Shops:
D:4 (

Annotations:
D:8 exclusion: 2 electric eels


Innate Abilities, Weirdness & Mutations

You cannot wear most types of armour.
You are very stealthy in the water. (Stealth+)
You are amphibious.
You can wear up to eight rings at the same time.
You can use your tentacles to constrict eight enemies at once.
Your skin changes colour to match your surroundings (Stealth+).
Your rubbery body absorbs attacks. (AC +1, EV +1)


Message History

The electric eel shoots out a bolt of lightning at you!
The bolt of electricity hits you!
The electric eel shoots out a bolt of lightning at you!
The bolt of electricity hits you!
* * * LOW HITPOINT WARNING * * *
The electric eel shoots out a bolt of lightning at you!
The bolt of electricity hits you!
* * * LOW HITPOINT WARNING * * *
You feel much better.
The electric eel shoots out a bolt of lightning at you!
The bolt of electricity hits you!
Okay, then.
The electric eel shoots out a bolt of lightning at you!
The bolt of electricity hits you!
* * * LOW HITPOINT WARNING * * *
The bolt of electricity hits you!
* * * LOW HITPOINT WARNING * * *
The electric eel shoots out a bolt of lightning at you!
The bolt of electricity hits you!
You die...

.#######.#
##..#####..# ##
##........##
#..##########...#
........# ##.###
≈...≈≈..# ##.##
≈..≈....###..#
≈≈≈≈....##..##
≈≈≈.....##.##
.≈≈≈....#@##
≈≈≈.≈≈≈..##
.≈≈≈≈....#
≈.≈....≈≈≈≈.....#
≈.≈≈≈.≈.≈≈≈≈....#
.≈≈≈≈≈;≈≈≈≈(;..##
≈≈≈≈≈≈≈≈≈≈≈≈≈..#
≈≈≈≈≈≈≈≈≈≈.≈...#
..≈≈≈≈≈≈≈......#


You could see an electric eel.

Vanquished Creatures
  Pikel (D:5)
  Joseph (D:7)
  A troll (D:8)
  A hippogriff (D:7)
  Duvessa (D:5)
  3 orc warriors
  2 ice beasts (D:8)
  4 slaves (D:5)
  2 wolves (D:8)
  6 ogres
  2 phantoms (D:7)
  2 centaurs (D:7)
  A big kobold (D:7)
  5 bullfrogs
  Dowan (D:5)
  A water moccasin zombie (D:7)
  A scorpion (D:7)
  A water moccasin skeleton (D:6)
  10 killer bees (D:7)
  A wyvern skeleton (D:6)
  3 wights (D:5)
  A howler monkey (D:4)
  2 bullfrog zombies
  5 crimson imps
  A bullfrog skeleton (D:4)
  2 centaur zombies
  7 hounds
  2 jellies
  10 orc wizards
  2 orc priests (D:8)
  An iguana (D:5)
  Jessica (D:2)
  3 worker ants
  A killer bee zombie (D:5)
  A hound skeleton (D:5)
  A hound zombie (D:8)
  A howler monkey zombie (D:6)
  A worker ant zombie (D:7)
  8 gnolls
  15 adders
  2 shadow imps (D:5)
  3 oozes
  2 adder skeletons (D:6)
  3 worms
  2 dart slugs
  4 leopard geckos
  33 orcs
  7 bats
  7 giant cockroaches
  10 goblins
  11 hobgoblins
  10 jackals
  16 kobolds
  6 quokkas
  5 ball pythons (D:3)
  2 frilled lizards
  A jackal skeleton (D:4)
  7 rats
246 creatures vanquished.

Notes
Turn   | Place    | Note
-------+----------+-------------------------------------------
     0 | D:1      | Hugehornet the Octopode Transmuter began the quest for the
                  | Orb.
     0 | D:1      | Reached XP level 1. HP: 13/13 MP: 3/3
    40 | D:1      | Reached XP level 2. HP: 10/18 MP: 1/5
   439 | D:1      | Reached XP level 3. HP: 23/23 MP: 4/6
  1397 | D:2      | Noticed Jessica
  1402 | D:2      | Learned a level 2 spell: Sticks to Snakes
  1406 | D:2      | Learned a level 3 spell: Spider Form
  1412 | D:2      | Killed Jessica
  1412 | D:2      | Reached XP level 4. HP: 28/28 MP: 0/7
  2096 | D:3      | Reached skill level 1 in Poison Magic
  2096 | D:3      | Reached XP level 5. HP: 33/33 MP: 6/8
  2350 | D:3      | Reached skill level 5 in Transmutations
  2572 | D:3      | Reached skill level 4 in Unarmed Combat
  2572 | D:3      | Reached XP level 6. HP: 35/38 MP: 7/9
  3178 | D:4      | Found Zeameog's Antique Weapon Boutique.
  3207 | D:4      | Found a basalt altar of Yredelemnul.
  3218 | D:4      | Found a shattered altar of Ashenzari.
  3600 | D:4      | Found a burning altar of Makhleb.
  3753 | D:4      | Found a hazy altar of Hepliaklqana.
  3831 | D:4      | Reached XP level 7. HP: 38/43 MP: 2/10
  3944 | D:4      | Reached skill level 5 in Unarmed Combat
  4353 | D:5      | Entered Level 5 of the Dungeon
  4548 | D:5      | Noticed Pikel
  4757 | D:5      | Killed Pikel
  4757 | D:5      | Reached skill level 6 in Unarmed Combat
  4757 | D:5      | Reached XP level 8. HP: 42/48 MP: 8/11
  4870 | D:5      | Reached skill level 7 in Unarmed Combat
  5099 | D:5      | Noticed Duvessa
  5100 | D:5      | Noticed Dowan
  5112 | D:5      | Killed Duvessa
  5122 | D:5      | Killed Dowan
  5204 | D:5      | Learned a level 5 spell: Blade Hands
  5526 | D:5      | Reached XP level 9. HP: 48/53 MP: 14/14
  5661 | D:5      | Found an ancient bone altar of Kikubaaqudgha.
  5662 | D:5      | Found an opulent altar of Gozag.
  5862 | D:5      | Found a staircase to the Ecumenical Temple.
  5871 | Temple   | Entered the Ecumenical Temple
  5999 | Temple   | Became a worshipper of Cheibriados the Contemplative
  6245 | D:6      | Learned a level 4 spell: Ice Form
  6742 | D:6      | Reached * piety under Cheibriados
  6742 | D:6      | Reached skill level 1 in Ice Magic
  6902 | D:7      | Reached skill level 8 in Unarmed Combat
  7114 | D:7      | Reached skill level 1 in Invocations
  7133 | D:7      | Reached ** piety under Cheibriados
  7171 | D:7      | Learned a level 1 spell: Confusing Touch
  7224 | D:7      | Reached skill level 9 in Unarmed Combat
  7296 | D:7      | Reached XP level 10. HP: 31/58 MP: 13/16
  7565 | D:7      | Noticed Joseph
  7575 | D:7      | Killed Joseph
  7786 | D:7      | Reached skill level 10 in Unarmed Combat
  7795 | D:7      | Reached *** piety under Cheibriados
  8924 | D:8      | Reached skill level 1 in Stealth
  8956 | D:8      | Reached **** piety under Cheibriados
  9243 | D:8      | Killed from afar by an electric eel

Levels and vault maps discovered:
D:1:      erik_arrival_gehennom, layout_basic, hex_tiny, minmay_misc_feat_room
D:2:      layout_rooms, uniq_jessica
D:3:      layout_loops_ring, minmay_misc_feat_rugged, minmay_misc_feat_hallway,
          minmay_snake_closets
D:4:      minmay_polygon_palace, layout_basic, old_standard_altar,
          kennysheep_mini, nicolae_overflow_hidden_temple, first_ration,
          serial_shops, nicolae_shop_overgrown_old_shop, kennysheep_minor_cross,
          yredelemnul_altar_generic
D:5:      corexii_shack_village, layout_loops_ring,
          gammafunk_temple_overflow_statue, temple_hall,
          chequers_serial_rivers_micro_d, uniq_duvessa, uniq_pikel
D:6:      layout_rooms
D:7:      layout_loops_ring, uniq_joseph
D:8:      wad_river_or_something, layout_layer_cave, erik_lair_island
Temple:   nicolae_temple_elliptical

Skill      XL: |  1  2  3  4  5  6  7  8  9 10 |
---------------+-------------------------------+-----
Transmutations | 3 4 5 7 8 9 |  9.2
Poison Magic   | 1 2 |  2.0
Unarmed Combat | 4 6 7 9 10 | 10.9
Spellcasting   | 3 4 |  4.3
Ice Magic      | 3 |  3.0
Invocations    | 2 3 |  3.9
Stealth        | 1 |  1.4
Fighting       | |  1.4
Dodging        | |  2.2

Action                   |  1- 3 |  4- 6 |  7- 9 | 10-12 || total
-------------------------+-------+-------+-------+-------++-------
Melee: Unarmed           |    60 |   178 |   351 |   147 ||   736
       Tentacles         |     8 |    22 |    22 |    15 ||    67
       Constrict         |    17 |    37 |    30 |    10 ||    94
       Kick              |    11 |    29 |    34 |    20 ||    94
       Punch             |       |     1 |    10 |     3 ||    14
 Cast: Beastly Appendage |    23 |    39 |    32 |    11 ||   105
       Spider Form       |     1 |     4 |    17 |    12 ||    34
       Sticks to Snakes  |       |     5 |     4 |       ||     9
       Blade Hands       |       |       |     4 |     3 ||     7
       Ice Form          |       |       |     2 |       ||     2
 Abil: End Transformatio |       |       |     1 |       ||     1
  Use: Scroll            |       |       |       |     6 ||     6
       Potion            |       |       |       |     2 ||     2
 Stab: Sleeping          |     2 |     5 |     3 |     1 ||    11
       Distracted        |       |       |       |     1 ||     1
  Eat: Chunk             |     2 |     9 |    12 |     5 ||    28
       Ration            |       |       |     1 |       ||     1
Armor: Skin              |     5 |    10 |    19 |    19 ||    53
Dodge: Dodged            |    36 |   129 |   203 |   127 ||   495
